 Dungeon Crawl Stone Soup version 0.18-a0-775-g4d9e04e (webtiles) character file.

28963 George the Champion of Chaos (level 13, -10/97 HPs)
             Began as a Demonspawn Gladiator on Dec 13, 2015.
             Was the Champion of Makhleb.
             Mangled by a minotaur
             ... wielding a +1 great sword of holy wrath
              (14 damage)
             ... in a labyrinth.
             The game lasted 00:52:13 (15533 turns).

George the Champion of Chaos (DsGl)                Turns: 15533, Time: 00:52:14

Health: -10/97     AC: 25    Str: 19    XL:     13   Next: 12%
Magic:  0/23       EV: 21    Int:  6    God:    Makhleb [******]
Gold:   876        SH:  0    Dex: 17    Spells: 4 memorised, 4 levels left

rFire  . . .     SeeInvis .     V - +4 great sword (freeze)
rCold  + + .     Clarity  .     s - +10 ring mail of Complete Protection {rN+ MR+ Int-4 Dex+2}
rNeg   + . .     SustAt   .     (shield currently unavailable)
rPois  .         Gourm    .     c - +0 helmet
rElec  .         Spirit   +     I - +0 cloak (curse)
rCorr  .         Dismiss  .     (no gloves)
rMut   .         Stasis   .     j - +1 pair of boots {run}
MR     +....                    F - amulet of regeneration
Stlth  +.........               R - ring of protection from cold
                                y - +6 ring of evasion

@: quick, somewhat resistant to hostile enchantments, very unstealthy
A: hooves 2, icy blue scales 3, magic shield, magic regeneration
a: Minor Destruction, Lesser Servant of Makhleb, Major Destruction, Greater
Servant of Makhleb, Renounce Religion


You were in a labyrinth.
You worshipped Makhleb.
Makhleb was exalted by your worship.
You were not hungry.

You visited 3 branches of the dungeon, and saw 17 of its levels.
You also visited: Labyrinth and Ice Cave.

You collected 876 gold pieces.

Inventory:

Hand Weapons
 A - a +1 scimitar of flaming
 V - a +4 great sword of freezing (weapon)
Missiles
 d - 5 throwing nets
 i - 3 javelins (quivered)
Armour
 c - a +0 helmet (worn)
 j - a +1 pair of boots of running (worn)
 s - the +10 ring mail of Complete Protection (worn) {rN+ MR+ Int-4 Dex+2}
   (You found it on level 2 of the Lair of Beasts)

   It affects your intelligence (-4).
   It affects your dexterity (+2).
   It protects you from negative energy.
   It affects your resistance to hostile enchantments.
 I - a cursed +0 cloak (worn)
Jewellery
 g - an uncursed ring of magical power
 r - an uncursed ring of fire
 t - an uncursed amulet of rage {unknown}
 y - a +6 ring of evasion (left hand)
 E - an uncursed amulet of rage {unknown}
 F - an amulet of regeneration (around neck)
 K - an uncursed amulet of resist corrosion {unknown}
 N - an uncursed ring of invisibility
 R - a ring of protection from cold (right hand)
Wands
 b - a wand of paralysis (10)
 q - a wand of fire (5)
 z - a wand of teleportation (1)
 D - a wand of fireball (13)
 L - a wand of disintegration (0)
 M - a wand of confusion (18)
 U - a wand of cold (0)
 Y - a wand of confusion (16)
Scrolls
 a - a scroll of fog
 h - a scroll of enchant weapon
 n - a scroll of identify
 o - a scroll of recharging
 v - a scroll of fear
 x - 3 scrolls of magic mapping
 B - 6 scrolls of enchant armour
 C - 2 scrolls of blinking
 P - 5 scrolls of remove curse
 X - 8 scrolls of teleportation
 Z - a scroll of brand weapon
Potions
 e - a potion of heal wounds
 k - 3 potions of flight
 l - 5 potions of agility
 m - 2 potions of resistance
 H - 3 potions of invisibility
 O - 2 potions of magic
 S - 5 potions of cancellation
 T - 3 potions of haste
 W - 4 potions of curing
Comestibles
 f - 6 bread rations
 u - 13 fruits
 w - 7 meat rations
 G - 2 slices of pizza
 J - 2 beef jerkies
 Q - a royal jelly


   Skills:
 + Level 7.6 Fighting
 * Level 13.2 Long Blades
 - Level 1.7 Throwing
 + Level 6.6 Armour
 + Level 7.5 Dodging
 + Level 14.4 Invocations


You had 4 spell levels left.
You knew the following spells:

 Your Spells              Type           Power        Failure   Level  Hunger
a - Apportation           Tloc           #.........   80%         1    ##.....
b - Summon Butterflies    Summ           #.......     80%         1    ##.....
c - Regeneration          Chrm/Necr      #.........   99%         3    ####...
d - Spectral Weapon       Hex/Chrm       #.......     99%         3    ####...


Dungeon Overview and Level Annotations

Branches:
Dungeon (10/15)            Temple (1/1) D:4            Lair (6/8) D:10
 Shoals (0/4) Lair:6       Spider (0/4) Lair:3          Orc (0/2) D:10
  Slime: Lair:6-8

Altars:
Ashenzari
Cheibriados
Dithmenos
Elyvilon
Fedhas
Gozag
Kikubaaqudgha
Makhleb
Nemelex Xobeh
Okawaru
Pakellas
Qazlal
Ru
Sif Muna
Trog
Vehumet
Xom
Yredelemnul
Zin
The Shining One

Shops:
D:5 }   D:7 (

Annotations:
D:6 1 runed door
Lair:5 exclusion: oklob plant


Innate Abilities, Weirdness & Mutations

You have hoof-like feet.
You are completely covered in icy blue scales (AC +4, EV -1, rC+).
When hurt, damage is shared between your health and your magic reserves.
You regenerate magic rapidly.


Message History

Zapping:
b - a wand of paralysis (will waste charges)
Press: ? - help, Shift-Dir - straight line, f/p - minotaur
Aim: a minotaur, wielding a great sword of holy wrath, wearing a bloodstained plate armour and wearing a blackened silver ring (severely wounded, chance to defeat MR: 15%)
Okay, then.
Unknown command.
Evoke which item? (* to show all) (? for menu, Esc to quit)
Zapping:
q - a wand of fire (will waste charges)
Press: ? - help, Shift-Dir - straight line, f/p - minotaur
Aim: a minotaur, wielding a great sword of holy wrath, wearing a bloodstained plate armour and wearing a blackened silver ring (severely wounded)
The bolt of fire hits the minotaur.
The minotaur is almost dead.
Evoking this partially-identified wand wasted a few charges.
The minotaur completely misses you.
The minotaur gores you but does no damage.
You hit the minotaur but do no damage.
The minotaur is almost dead.
The minotaur hits you with a great sword of holy wrath!
* * * LOW HITPOINT WARNING * * *
You convulse!
You die...

.... .# ###. # .###
# ### #.#.. .. .
.... # ....... ..##
# #..####▓ ▓..#
####.#..# # ≈▓ ## ##
........#.#.≈≈ .
....
######.'((.<≈▓..####
#.@H.#.#.≈≈▓ #
#.#### # ▓ . # ...
### ▓ . # .. #.## #
# . ..## ... . #.. .
#... #.# #.#.#
#####.# # #. .. #...
.# # # #. . ... .#


You could see a minotaur.

Vanquished Creatures
  Nessos (Lair:6)
  Fannar (Lair:3)
  A hydra (Lair:2)
  Erica (D:9)
  Pikel (D:8)
  A hill giant (D:9)
  A necromancer (IceCv)
  A deep elf mage (D:10)
  A griffon (Lair:5)
  A cyclops (D:10)
  3 black mambas
  Maurice (D:8)
  Psyche (D:9)
  3 ice statues (IceCv)
  6 spiny frogs
  7 ice devils (IceCv)
  8 komodo dragons
  2 polar bears
  A troll (D:9)
  Grinder (D:6)
  A fire drake (Lair:4)
  10 blink frogs
  2 trapdoor spiders (Lab)
  2 basilisks
  A hungry ghost (D:10)
  2 wyverns (Lair:4)
  6 hippogriffs
  24 yaks
  A deep elf fighter (D:10)
  6 water moccasins
  2 slaves (D:8)
  8 porcupines
  3 orc warriors
  A black bear (D:8)
  A necrophage (D:9)
  2 sky beasts
  6 crocodiles
  3 centaurs
  5 ogres
  13 giant frogs
  3 scorpions
  8 wights
  5 crimson imps
  2 draconian simulacra (IceCv)
  10 orc wizards
  The ghost of HandofTrog the Sneak, a weakling FeMo (D:4)
  2 orc priests (D:8)
  3 hounds
  A jelly (D:6)
  A centaur skeleton (D:6)
  A giant frog skeleton (D:6)
  4 worker ants
  10 iguanas
  6 sheep (Lair:5)
  4 troll simulacra (IceCv)
  A centaur simulacrum (IceCv)
  A hound zombie (D:7)
  2 naga simulacra (IceCv)
  An ogre simulacrum (IceCv)
  8 adders
  11 gnolls
  73 river rats
  2 shadow imps (D:9)
  4 oozes
  3 adder skeletons
  2 worms
  8 giant geckos
  39 orcs
  A ball python (D:3)
  20 bats
  8 goblins
  8 hobgoblins
  6 jackals
  2 quokkas
  6 giant cockroaches
  4 giant newts
  A jackal skeleton (D:4)
  A jackal zombie (D:6)
  5 kobolds
  A quokka zombie (D:5)
  12 rats
433 creatures vanquished.

Vanquished Creatures (collateral kills)
  A gnoll (D:8)
1 creature vanquished.

Vanquished Creatures (others)
  A slave (D:8)
  A worker ant (D:8)
  A worker ant zombie (D:10)
  An adder (D:8)
  8 fungi
  2 plants (Lair:2)
14 creatures vanquished.

Grand Total: 448 creatures vanquished

Notes
Turn   | Place    | Note
--------------------------------------------------------------
     0 | D:1      | George the Demonspawn Gladiator began the quest for the Orb.
     0 | D:1      | Reached XP level 1. HP: 16/16 MP: 1/1
    88 | D:1      | Reached skill level 3 in Long Blades
   136 | D:1      | Gained mutation: You have large cloven feet. [demonic ancestry]
   136 | D:1      | Reached XP level 2. HP: 17/22 MP: 2/2
   936 | D:2      | Gained mutation: You have hoof-like feet. [demonic ancestry]
   936 | D:2      | Reached XP level 3. HP: 15/27 MP: 3/3
  1089 | D:1      | Reached skill level 4 in Long Blades
  1585 | D:2      | Reached XP level 4. HP: 20/33 MP: 4/4
  2429 | D:3      | Found a faded altar to an unknown god.
  2665 | D:3      | Reached skill level 5 in Long Blades
  3019 | D:3      | Found a radiant altar of Vehumet.
  3020 | D:3      | Found a burning altar of Makhleb.
  3041 | D:3      | Gained mutation: When hurt, damage is shared between your health and your magic reserves. [demonic ancestry]
  3041 | D:3      | Reached XP level 5. HP: 38/38 MP: 5/5
  3044 | D:3      | Became a worshipper of Makhleb the Destroyer
  3116 | D:4      | Found a staircase to the Ecumenical Temple.
  3121 | D:4      | Reached skill level 1 in Invocations
  3135 | Temple   | Entered the Ecumenical Temple
  3306 | D:4      | Gained mutation: You are partially covered in icy blue scales (AC +1). [demonic ancestry]
  3306 | D:4      | Reached XP level 6. HP: 44/44 MP: 7/7
  3387 | D:4      | Noticed HandofTrog's ghost (weakling FeMo)
  3405 | D:4      | Killed HandofTrog's ghost
  3405 | D:4      | Reached skill level 6 in Long Blades
  3645 | D:4      | Found a stormy altar of Qazlal.
  3873 | D:4      | Reached * piety under Makhleb
  4093 | D:4      | Found a glowing golden altar of the Shining One.
  4109 | D:5      | Entered Level 5 of the Dungeon
  4192 | D:5      | Reached XP level 7. HP: 50/50 MP: 10/10
  4825 | D:5      | Found an oddly glowing altar of Pakellas.
  4825 | D:5      | Found Pakellas's Prime Provisions.
  4969 | D:5      | Reached skill level 5 in Invocations
  5319 | D:6      | Reached skill level 7 in Long Blades
  5516 | D:6      | Reached XP level 8. HP: 23/56 MP: 9/13
  5628 | D:6      | Found an iron altar of Okawaru.
  5657 | D:6      | Found a shimmering altar of Xom.
  6038 | D:6      | Noticed Grinder
  6057 | D:6      | Killed Grinder
  6057 | D:6      | Reached skill level 8 in Long Blades
  6092 | D:6      | Found a runed door.
  6094 | D:6      | Found a basalt altar of Yredelemnul.
  6614 | D:7      | Learned a level 1 spell: Apportation
  6616 | D:7      | Learned a level 1 spell: Summon Butterflies
  6718 | D:7      | Reached skill level 9 in Invocations
  6785 | D:7      | Found Ahupus's Antique Weapon Shop.
  6933 | D:8      | Got a crude scale mail
  6945 | D:8      | Identified the +1 scale mail "Duysk" {-Tele Str+3} (You found it on level 8 of the Dungeon)
  6963 | D:8      | Reached ** piety under Makhleb
  6988 | D:8      | Noticed Pikel
  7033 | D:8      | Killed Pikel
  7033 | D:8      | Reached skill level 10 in Invocations
  7033 | D:8      | Reached XP level 9. HP: 17/61 MP: 5/16
  7265 | D:8      | Noticed Maurice
  7288 | D:8      | Killed Maurice
  7866 | D:8      | Reached skill level 11 in Invocations
  8071 | D:9      | Reached *** piety under Makhleb
  8180 | D:9      | Noticed Psyche
  8186 | D:9      | Killed Psyche
  8186 | D:9      | Reached skill level 10 in Long Blades
  8186 | D:9      | Reached skill level 1 in Armour
  8261 | D:9      | Reached XP level 10. HP: 43/68 MP: 14/18
  8458 | D:9      | Learned a level 3 spell: Regeneration
  8462 | D:9      | Learned a level 3 spell: Spectral Weapon
  8641 | D:9      | Found a sparkling altar of Nemelex Xobeh.
  8713 | D:10     | Entered Level 10 of the Dungeon
  8716 | D:10     | Noticed a hill giant
  8791 | D:10     | Noticed a cyclops
  8931 | D:10     | Noticed Erica
  8948 | D:9      | Killed a hill giant
  9007 | D:9      | Reached skill level 12 in Invocations
  9054 | D:10     | Noticed a deep elf mage
  9071 | D:9      | Killed Erica
  9103 | D:10     | Killed a deep elf mage
  9148 | D:10     | Killed a cyclops
  9184 | D:10     | Reached **** piety under Makhleb
  9231 | D:10     | Found a staircase to the Orcish Mines.
  9420 | D:10     | Found a staircase to the Lair.
  9449 | D:10     | Gained mutation: You are mostly covered in icy blue scales (AC +3, EV -1). [demonic ancestry]
  9449 | D:10     | Reached XP level 11. HP: 69/77 MP: 20/20
  9605 | Lair:1   | Entered Level 1 of the Lair of Beasts
  9632 | Lair:1   | Reached ***** piety under Makhleb
 10045 | Lair:1   | Found a frozen archway.
 10054 | IceCv    | Entered an ice cave
 10097 | IceCv    | Reached skill level 5 in Dodging
 10686 | IceCv    | Reached skill level 5 in Fighting
 10874 | IceCv    | Noticed a necromancer
 10884 | IceCv    | Killed a necromancer
 11227 | Lair:1   | Reached skill level 13 in Invocations
 11407 | Lair:2   | Reached skill level 5 in Armour
 11426 | Lair:2   | Noticed a six-headed hydra
 11438 | Lair:2   | Killed a one-headed hydra
 11557 | Lair:2   | Gained mutation: You are completely covered in icy blue scales (AC +4, EV -1, rC+). [demonic ancestry]
 11557 | Lair:2   | Reached XP level 12. HP: 87/87 MP: 22/22
 11641 | Lair:2   | Got a distressingly furry ring mail
 11652 | Lair:2   | Identified the +10 ring mail of Complete Protection {rN+ MR+ Int-4 Dex+2} (You found it on level 2 of the Lair of Beasts)
 12358 | Lair:3   | Noticed Fannar
 12406 | Lair:3   | Killed Fannar
 12434 | Lair:3   | Found a hole to the Spider Nest.
 12637 | Lair:3   | Reached ****** piety under Makhleb
 13023 | Lair:4   | Reached skill level 14 in Invocations
 13201 | Lair:4   | Identified a +1 pair of boots of running (You found it on level 4 of the Lair of Beasts)
 14191 | Lair:5   | Found a stormy altar of Qazlal.
 14349 | Lair:5   | Gained mutation: You regenerate magic rapidly. [demonic ancestry]
 14349 | Lair:5   | Reached XP level 13. HP: 96/96 MP: 23/23
 15174 | Lair:6   | Noticed Nessos
 15181 | Lair:6   | Killed Nessos
 15185 | Lair:6   | Found a labyrinth entrance.
 15193 | Lab      | Entered a labyrinth
 15533 | Lab      | HP: 4/97 [minotaur/great sword of holy wrath (11)]
 15533 | Lab      | Mangled by a minotaur

Vault maps used:
D:1:      minmay_arrival_shoal_huts
D:3:      grunt_temple_overflow_lords_of_destruction, ecumenical_altar_1
D:4:      nicolae_qazlal_eye_of_the_storm, tso_oasis_becter,
          minmay_temple_entry_glassed_door, patterned_corridor
D:5:      johnstein_pakellas_shop, first_bread
D:6:      minitemple, dk_yredelemnul_ordeal, uniq_grinder
D:7:      serial_shops, shop_fountains, grunt_ministairs_15,
          minmay_misc_feat_columns, minmay_misc_feat_four_crosses
D:8:      uniq_maurice, uniq_pikel
D:9:      kennysheep_mini, uniq_psyche
D:10:     grunt_lair_entry_elf_guard_hut, hiddenorc1_lemuel, uniq_erica
Temple:   circular_temple_12
Lair:1:   portal_ice_cave_entry_pillars_01, serial_bayou_shore_b
Lair:2:   minivault_25
Lair:3:   spider_nest_entry_web_field, uniq_fannar
Lair:4:   grunt_megastairs_5, lemuel_fruit_fields, serial_bayou_shore_a
Lair:5:   boulder_dual_corridor_run, lemuel_oklob_altar, grunt_megastairs_3
Lair:6:   cheibrodos_magma_flow, elwin_shoals_entry_rocks, lab_entry_generic,
          beast_lair_carwin_8, grunt_megastairs_2, uniq_nessos
Lab:      labyrinth_watery, nicolae_lab_very_dead_end, nicolae_lab_stuck,
          nicolae_lab_dead_end, nicolae_lab_checkerboard, nicolae_lab_big_swirl,
          labyrinth_skeletal_remains
IceCv:    ice_cave_tombish

Action                   |  1- 3 |  4- 6 |  7- 9 | 10-12 | 13-15 || total
-------------------------+-------+-------+-------+-------+-------++-------
Melee: Long sword        |    81 |   238 |   103 |       |       ||   422
       Scimitar          |       |       |    23 |   220 |       ||   243
       Great sword       |       |       |   246 |   767 |   121 ||  1134
Throw: Javelin           |       |     3 |       |     1 |     2 ||     6
Evoke: Wand              |       |       |     3 |       |     1 ||     4
  Use: Scroll            |       |       |    24 |     6 |     1 ||    31
       Potion            |       |       |     3 |     1 |       ||     4
  Eat: Chunk             |     2 |     9 |    12 |    20 |     3 ||    46
       Pizza             |       |       |     1 |     1 |       ||     2
